 Dungeon Crawl Stone Soup version 0.21-b1-23-g1fb0a74c36 (webtiles) character file.

452 Pixllover the Cudgeler (level 6, 0/56 HPs)
             Began as a Minotaur Berserker on Jan 6, 2018.
             Was a Priest of Trog.
             Succumbed to a worker ant's poison
             ... on level 4 of the Dungeon.
             The game lasted 00:06:48 (2449 turns).

Pixllover the Cudgeler (Minotaur Berserker)         Turns: 2449, Time: 00:06:49

Health: 0/56       AC: 10    Str: 27    XL:     6   Next: 75%
Magic:  5/5        EV:  7    Int:  4    God:    Trog [***...]
Gold:   157        SH:  9    Dex: 10    Spells: 5/5 levels left

rFire    . . .     SeeInvis .   a - +0 mace
rCold    . . .     Gourm    .   f - +0 shield
rNeg     . . .     Faith    .   p - +0 chain mail
rPois    .         Spirit   .   (helmet restricted)
rElec    .         Reflect  .   (no cloak)
rCorr    .         Harm     .   h - +0 pair of gloves
MR       .....                  (no boots)
Stlth    ..........             (no amulet)
HPRegen  0.18/turn              k - +4 ring of strength
MPRegen  0.09/turn              (no ring)

@: lethally poisoned (0 -> -12), berserk cooldown, slowed, very slow
A: retaliatory headbutt, horns 2
a: Berserk, Trog's Hand, Burn Spellbooks, Renounce Religion


You were on level 4 of the Dungeon.
You worshipped Trog.
Trog was most pleased with you.
You were hungry.

You visited 1 branch of the dungeon, and saw 4 of its levels.

You collected 157 gold pieces.

Inventory:

Hand Weapons
 a - a +0 mace (weapon)
Armour
 b - a +0 animal skin
 f - a +0 shield (worn)
 h - a +0 pair of gloves (worn)
 p - a +0 chain mail (worn)
Jewellery
 k - a +4 ring of strength (left hand)
 r - a cursed ring of loudness {unknown}
Scrolls
 g - a scroll of noise {unknown}
 l - a scroll of identify {unknown}
 o - 3 scrolls of remove curse {unknown}
 s - a scroll of fog {unknown}
Potions
 d - a potion of flight {unknown}
 e - 4 potions of curing {unknown}
 i - a potion of invisibility {unknown}
 j - a potion of heal wounds {unknown}
 n - 2 potions of brilliance {unknown}
 q - a potion of haste {unknown}
Comestibles
 c - 5 rations


   Skills:
 + Level 5.5 Fighting
 + Level 6.5 Maces & Flails
 + Level 3.5 Armour
 + Level 3.3 Dodging
 + Level 0.9 Stealth
 + Level 2.3 Shields


You had 5 spell levels left.
You didn't know any spells.

Dungeon Overview and Level Annotations

Branches:
Dungeon (4/15)
 Temple: D:4-7

Altars:


Innate Abilities, Weirdness & Mutations

You reflexively headbutt those who attack you in melee.
You have a pair of horns on your head.


Message History

* * * LOW HITPOINT WARNING * * *
You sock the jackal!
You kill the jackal!
Trog accepts your kill.
* * * LOW HITPOINT WARNING * * *
You feel sick.
* * * LOW HITPOINT WARNING * * *
You feel sick.
You see here a jackal corpse.
You are too berserk!
You feel a strong urge to attack something.
Things that are here:
a whip of flaming; an orc corpse
* * * LOW HITPOINT WARNING * * *
You feel sick.
You see here a dagger.
You feel your anger nearly subside.
You are no longer berserk.
You are exhausted.
You feel yourself slow down.
You die...

..........#..... #...
............##.# #...
#..........###.# #...
#..$..........<# #...
....W.W........######...
.. #†††..............
....###)†.....#######...
.......)))###.# #..#
.....##@#.....# #.##
.........###..# #.#
...........#..# #.#
...###........# #.# ..
..##...... #.# ...
#....[ ... ..... ....
.....


You could see a phantom.

Vanquished Creatures
  A black bear (D:4)
  A hound (D:4)
  2 orc priests (D:3)
  An orc wizard (D:4)
  Jessica (D:2)
  Natasha (thrice) (D:2)
  A worker ant (D:4)
  3 adders
  An ooze (D:1)
  A worm (D:3)
  A dart slug (D:1)
  2 leopard geckos
  5 orcs
  4 giant cockroaches
  9 goblins
  7 hobgoblins
  9 jackals
  4 quokkas
  A ball python (D:3)
  9 bats
  8 frilled lizards
  6 kobolds
  7 rats
87 creatures vanquished.

Notes
Turn   | Place    | Note
-------+----------+-------------------------------------------
     0 | D:1      | Pixllover the Minotaur Berserker began the quest for the Orb.
     0 | D:1      | Reached XP level 1. HP: 19/19 MP: 0/0
    90 | D:1      | Reached XP level 2. HP: 14/27 MP: 1/1
    97 | D:1      | Reached skill level 4 in Maces & Flails
   395 | D:1      | Reached XP level 3. HP: 18/33 MP: 2/2
   450 | D:1      | Reached ** piety under Trog
  1201 | D:2      | Noticed Jessica
  1208 | D:2      | Killed Jessica
  1208 | D:2      | Reached skill level 5 in Maces & Flails
  1208 | D:2      | Reached XP level 4. HP: 21/41 MP: 3/3
  1355 | D:2      | Noticed Natasha
  1367 | D:2      | Killed Natasha
  1383 | D:2      | Noticed Natasha
  1390 | D:2      | Killed Natasha
  1390 | D:2      | Reached skill level 5 in Fighting
  1390 | D:2      | Reached XP level 5. HP: 42/48 MP: 4/4
  1473 | D:2      | Noticed Natasha
  1483 | D:2      | Killed Natasha
  2158 | D:3      | Reached skill level 1 in Shields
  2162 | D:3      | Reached *** piety under Trog
  2346 | D:3      | Reached XP level 6. HP: 56/56 MP: 5/5
  2428 | D:4      | Reached skill level 6 in Maces & Flails
  2444 | D:4      | HP: 3/84 [jackal (2)]
  2446 | D:4      | HP: 1/84 [poisoned by a worker ant]
  2449 | D:4      | Succumbed to a worker ant's poison

Skill      XL: |  1  2  3  4  5  6 |
---------------+-------------------+-----
Fighting       | 4 5 |  5.5
Maces & Flails | 4 5 6 |  6.5
Dodging        | 3 |  3.3
Shields        | 1 2 |  2.3
Armour         | 3 |  3.5
Stealth        | |  0.9

Action                   |  1- 3 |  4- 6 || total
-------------------------+-------+-------++-------
Melee: Mace              |    58 |    79 ||   137
       Headbutt          |     6 |    17 ||    23
Invok: Berserk           |       |     1 ||     1
  Eat: Chunk             |     1 |     4 ||     5
Armor: Animal skin       |    23 |     4 ||    27
       Chain mail        |       |    62 ||    62
Dodge: Dodged            |    64 |    61 ||   125
Block: Shield            |     2 |    74 ||    76
